NCAA
XAVIER MUSKETEERS @ BUTLER BULLDOGS
05/15/2030
 
TOP OF THE 1ST
Xavier Musketeers batting - Pitching for Butler Bulldogs : RHP Bill Daniels
Pitching: RHP Bill Daniels
Batting: RHB Dillon Farley 0-0: Called Strike
0-1: Foul Ball, location: 2F
0-2: SINGLE (Line Drive, 89S)
Batting: RHB Aaron Keller 0-0: Ball
1-0: Ball
2-0: Ball
3-0: Called Strike
3-1: Base on Balls
Dillon Farley to second
Batting: LHB Duncan Sharp 0-0: Called Strike
0-1: Ball
1-1: Ball
2-1: Foul Ball, location: 2F
2-2: Foul Ball, location: 2F
2-2: SINGLE (Groundball, 6MD)
Dillon Farley to third
Aaron Keller to second
Runner from 3rd tries for Home, SAFE, no throw
Batting: RHB Floyd Reynolds 0-0: Ball
1-0: Ball
2-0: Ball
3-0: Called Strike
3-1: Base on Balls
Aaron Keller to third
Duncan Sharp to second
Batting: LHB Johnny Beach 0-0: Ball
1-0: Ground out 3-1 (Groundball, 34S)
Aaron Keller scores
Duncan Sharp to third
Floyd Reynolds to second
Batting: LHB Don Ellis 0-0: Called Strike
0-1: Foul Ball, location: 2F
0-2: Ball
1-2: Fly out, F7 (Flyball, 78D)
Runner from 3rd tags up, OUT at HOME
Top of the 1st over - 2 runs, 2 hits, 0 errors, 1 left on base; Xavier 2 - Butler 0
BOTTOM OF THE 1ST
Butler Bulldogs batting - Pitching for Xavier Musketeers : RHP Mark Manning
Pitching: RHP Mark Manning
Batting: LHB Alex Kelly 0-0: Ball
1-0: Called Strike
1-1: Ball
2-1: Ground out 4-3 (Groundball, 4)
Batting: RHB Benjamin Monroe 0-0: Ball
1-0: Called Strike
1-1: Ball
2-1: Ground out 4-3 (Groundball, 4)
Batting: LHB Bill O'Higgins 0-0: Swinging Strike
0-1: Ball
1-1: Called Strike
1-2: Foul Ball, location: 2F
1-2: Ball
2-2: Ball
3-2: Foul Ball, location: 2F
3-2: Foul Ball, location: 2F
3-2: Foul Ball, location: 2F
3-2: Foul Ball, location: 2F
3-2: Strikes out swinging, 2-3 out at first.
Bottom of the 1st over - 0 runs, 0 hits, 0 errors, 0 left on base; Xavier 2 - Butler 0
TOP OF THE 2ND
Xavier Musketeers batting - Pitching for Butler Bulldogs : RHP Bill Daniels
Batting: RHB Albert Smedley 0-0: Foul Ball, location: 2F
0-1: Fly out, F3 (Flyball, 3D)
Batting: RHB Greg Richards 0-0: Ball
1-0: Ball
2-0: Foul Ball, location: 2F
2-1: Foul Ball, location: 2F
2-2: Reaches on Catchers interference
Batting: SHB Larry Brantley 0-0: Called Strike
0-1: Ball
1-1: Ball
2-1: SINGLE (Groundball, 4) (infield hit)
Greg Richards to second
Batting: RHB Dillon Farley 0-0: Foul Ball, location: 2F
0-1: Foul Ball, location: 2F
0-2: Fly out, F9 (Flyball, 89D)
Runner from 2nd tags up, SAFE at 3rd, no throw
Batting: RHB Aaron Keller 0-0: Ground out 6-3 (Groundball, 6M)
Top of the 2nd over - 0 runs, 1 hit, 1 error, 2 left on base; Xavier 2 - Butler 0
BOTTOM OF THE 2ND
Butler Bulldogs batting - Pitching for Xavier Musketeers : RHP Mark Manning
Batting: RHB Jorge Solís 0-0: Ground out U3 (Groundball, 34)
Batting: LHB Tim Thomas 0-0: Ball
1-0: Ball
2-0: Ball
3-0: Base on Balls
Batting: RHB Bobby Coleman 0-0: Ball
1-0: Ball
2-0: Ball
Tim Thomas steals 2nd base
3-0: Called Strike
3-1: Ground out 6-3 (Groundball, 6)
Batting: RHB Kenny Lowe 0-0: SINGLE (Line Drive, 56)
Tim Thomas to third
Batting: LHB Lawrence Marshall 0-0: Foul Ball, location: 2F
0-1: Ground out 6-3 (Groundball, 6D)
Bottom of the 2nd over - 0 runs, 1 hit, 0 errors, 2 left on base; Xavier 2 - Butler 0
TOP OF THE 3RD
Xavier Musketeers batting - Pitching for Butler Bulldogs : RHP Bill Daniels
Batting: LHB Duncan Sharp 0-0: Ball
1-0: Called Strike
1-1: Ball
2-1: Ball
3-1: Called Strike
3-2: Foul Ball, location: 2F
3-2: Foul Ball, location: 2F
3-2: SINGLE (Groundball, 25) (infield hit)
Batting: RHB Floyd Reynolds 0-0: Ball
1-0: Ball
2-0: Foul Ball, location: 2F
2-1: Foul Ball, location: 2F
2-2: Ball
3-2: Strikes out swinging
Batting: LHB Johnny Beach 0-0: Foul Ball, location: 2F
0-1: Ball
1-1: Foul Ball, location: 2F
1-2: Strikes out looking
Batting: LHB Don Ellis 0-0: Ball
1-0: Ball
2-0: Called Strike
2-1: Called Strike
2-2: Ball
3-2: Base on Balls
Duncan Sharp to second
Batting: RHB Albert Smedley 0-0: Foul Ball, location: 2F
0-1: Swinging Strike
0-2: Ball
1-2: Foul Ball, location: 2F
1-2: Ball
2-2: Ball
3-2: Strikes out swinging
Top of the 3rd over - 0 runs, 1 hit, 0 errors, 2 left on base; Xavier 2 - Butler 0
BOTTOM OF THE 3RD
Butler Bulldogs batting - Pitching for Xavier Musketeers : RHP Mark Manning
Batting: RHB Danny Giles 0-0: Swinging Strike
0-1: Ball
1-1: Swinging Strike
1-2: Ball
2-2: Strikes out swinging
Batting: LHB Alex Kelly 0-0: Ball
1-0: Called Strike
1-1: Called Strike
1-2: Strikes out looking
Batting: RHB Benjamin Monroe 0-0: Foul Ball, location: 2F
0-1: Called Strike
0-2: SOLO HOME RUN (Flyball, 7D), Distance : 393 ft
Batting: LHB Bill O'Higgins 0-0: Ground out 1-3 (Groundball, 13S)
Bottom of the 3rd over - 1 run, 1 hit, 0 errors, 0 left on base; Xavier 2 - Butler 1
TOP OF THE 4TH
Xavier Musketeers batting - Pitching for Butler Bulldogs : RHP Bill Daniels
Batting: RHB Greg Richards 0-0: Called Strike
0-1: Swinging Strike
0-2: Foul Ball, location: 2F
0-2: Strikes out swinging
Batting: SHB Larry Brantley 0-0: Ball
1-0: Ball
2-0: SINGLE (Groundball, 4MD)
Batting: RHB Dillon Farley 0-0: Ball
1-0: Fly out, F9 (Flyball, 9LS)
Pitching: LHP Rick Estes
Batting: RHB Aaron Keller 0-0: Called Strike
0-1: Ball
1-1: Fly out, F9 (Flyball, 9)
Top of the 4th over - 0 runs, 1 hit, 0 errors, 1 left on base; Xavier 2 - Butler 1
BOTTOM OF THE 4TH
Butler Bulldogs batting - Pitching for Xavier Musketeers : RHP Mark Manning
Batting: RHB Jorge Solís 0-0: Called Strike
0-1: Ball
1-1: Foul Ball, location: 2F
1-2: Strikes out swinging
Batting: LHB Tim Thomas 0-0: Ball
1-0: SINGLE (Flyball, 7LS)
Batting: RHB Bobby Coleman 0-0: Ball
1-0: Called Strike
1-1: Foul Ball, location: 2F
1-2: Foul Ball, location: 2F
1-2: Strikes out looking
Batting: RHB Kenny Lowe 0-0: Called Strike
Tim Thomas is caught stealing 2nd base
Bottom of the 4th over - 0 runs, 1 hit, 0 errors, 0 left on base; Xavier 2 - Butler 1
TOP OF THE 5TH
Xavier Musketeers batting - Pitching for Butler Bulldogs : LHP Rick Estes
Batting: LHB Duncan Sharp 0-0: Ball
1-0: Called Strike
1-1: Swinging Strike
1-2: Foul Ball, location: 2F
1-2: Foul Ball, location: 2F
1-2: SINGLE (Groundball, 4MD)
Batting: RHB Floyd Reynolds 0-0: Called Strike
0-1: Hit by Pitch
Duncan Sharp to second
Batting: LHB Johnny Beach 0-0: Ball
1-0: Called Strike
1-1: Foul Ball, location: 2F
1-2: Fly out, F7 (Flyball, 78S)
Batting: LHB Don Ellis 0-0: Fielders Choice at 2nd, 3-6 (Groundball, 3)
Duncan Sharp to third
Batting: RHB Albert Smedley 0-0: SINGLE (Line Drive, 9S)
Duncan Sharp scores
Don Ellis to second
Runner from 2nd tries for 3rd, SAFE, throw made to third
Batting: RHB Greg Richards 0-0: Fly out, F7 (Flyball, 78S)
Top of the 5th over - 1 run, 2 hits, 0 errors, 2 left on base; Xavier 3 - Butler 1
BOTTOM OF THE 5TH
Butler Bulldogs batting - Pitching for Xavier Musketeers : RHP Mark Manning
Batting: RHB Kenny Lowe 0-0: Ball
1-0: Called Strike
1-1: Foul Ball, location: 2F
1-2: Ball
2-2: Strikes out swinging
Batting: LHB Lawrence Marshall 0-0: Ground out U3 (Groundball, 34S)
Batting: RHB Danny Giles 0-0: Ball
1-0: Called Strike
1-1: Called Strike
1-2: Ball
2-2: Strikes out looking
Bottom of the 5th over - 0 runs, 0 hits, 0 errors, 0 left on base; Xavier 3 - Butler 1
TOP OF THE 6TH
Xavier Musketeers batting - Pitching for Butler Bulldogs : LHP Rick Estes
Batting: SHB Larry Brantley 0-0: Ball
1-0: Ground out 6-3 (Groundball, 6)
Batting: RHB Dillon Farley 0-0: Ball
1-0: Called Strike
1-1: Swinging Strike
1-2: Strikes out swinging
Batting: RHB Aaron Keller 0-0: DOUBLE (Flyball, 8LD)
Batting: LHB Duncan Sharp 0-0: Ball
1-0: Ball
2-0: SINGLE (Flyball, 78S)
Aaron Keller to third
Runner from 3rd tries for Home, SAFE, no throw
Pitching: RHP Clint George
Batting: RHB Floyd Reynolds 0-0: Foul Ball, location: 2F
0-1: Ball
1-1: Foul Ball, location: 2F
1-2: SINGLE (Line Drive, 4D)
Duncan Sharp to second
Batting: LHB Johnny Beach 0-0: Foul Ball, location: 2F
0-1: Swinging Strike
0-2: Ball
1-2: Strikes out swinging
Top of the 6th over - 1 run, 3 hits, 0 errors, 2 left on base; Xavier 4 - Butler 1
BOTTOM OF THE 6TH
Butler Bulldogs batting - Pitching for Xavier Musketeers : RHP Mark Manning
Batting: LHB Alex Kelly 0-0: Called Strike
0-1: Foul Ball, location: 2F
0-2: SINGLE (Flyball, 78M)
Batting: RHB Benjamin Monroe 0-0: Ball
1-0: Ball
2-0: Ball
3-0: Called Strike
3-1: Foul Ball, location: 2F
3-2: Strikes out swinging
Batting: LHB Bill O'Higgins 0-0: Ball
1-0: Foul Ball, location: 2F
1-1: Ball
2-1: Swinging Strike
2-2: Ball
3-2: Foul Ball, location: 2F
3-2: Strikes out looking
Pitching: LHP Marvin Walker
Batting: RHB Jorge Solís 0-0: Ball
1-0: Ball
2-0: Called Strike
2-1: Reached on error, E4 (Groundball, 4)
Alex Kelly to second
Batting: LHB Tim Thomas 0-0: Called Strike
0-1: Called Strike
0-2: Strikes out swinging
Bottom of the 6th over - 0 runs, 1 hit, 1 error, 2 left on base; Xavier 4 - Butler 1
TOP OF THE 7TH
Xavier Musketeers batting - Pitching for Butler Bulldogs : RHP Clint George
Batting: LHB Don Ellis 0-0: Fly out, F7 (Flyball, 7LS)
Batting: RHB Albert Smedley 0-0: Ball
1-0: Foul Ball, location: 2F
1-1: Swinging Strike
1-2: Ball
2-2: Foul Ball, location: 2F
2-2: Strikes out swinging
Batting: RHB Greg Richards 0-0: Called Strike
0-1: Foul Ball, location: 2F
0-2: Foul Ball, location: 2F
0-2: Strikes out swinging
Top of the 7th over - 0 runs, 0 hits, 0 errors, 0 left on base; Xavier 4 - Butler 1
BOTTOM OF THE 7TH
Butler Bulldogs batting - Pitching for Xavier Musketeers : LHP Marvin Walker
Batting: RHB Bobby Coleman 0-0: Called Strike
0-1: Ball
1-1: Fly out, F7 (Flyball, 7LSF)
Batting: RHB Kenny Lowe 0-0: Foul Ball, location: 2F
0-1: Ball
1-1: Ball
2-1: Fly out, F8 (Line Drive, 8LD)
Batting: LHB Lawrence Marshall 0-0: Ball
1-0: Called Strike
1-1: Ball
2-1: Foul Ball, location: 2F
2-2: Ground out 3-1 (Groundball, 34)
Bottom of the 7th over - 0 runs, 0 hits, 0 errors, 0 left on base; Xavier 4 - Butler 1
TOP OF THE 8TH
Xavier Musketeers batting - Pitching for Butler Bulldogs : RHP Clint George
Batting: SHB Larry Brantley 0-0: Ball
1-0: Ball
2-0: Ball
3-0: Base on Balls
Batting: RHB Dillon Farley 0-0: Ball
Larry Brantley is caught stealing 2nd base
1-0: Foul Ball, location: 2F
1-1: Foul Ball, location: 2F
1-2: SINGLE (Groundball, 6) (infield hit)
Batting: RHB Aaron Keller 0-0: Ball
1-0: Ball
2-0: Ball
3-0: Base on Balls
Dillon Farley to second
Batting: LHB Duncan Sharp 0-0: Foul Ball, location: 2F
0-1: Ball
1-1: Fly out, F9 (Flyball, 9S)
Batting: RHB Floyd Reynolds 0-0: Called Strike
0-1: Swinging Strike
0-2: Ground out 4-3 (Groundball, 4)
Top of the 8th over - 0 runs, 1 hit, 0 errors, 2 left on base; Xavier 4 - Butler 1
BOTTOM OF THE 8TH
Butler Bulldogs batting - Pitching for Xavier Musketeers : LHP Marvin Walker
Batting: RHB Danny Giles 0-0: Ball
1-0: Ball
2-0: Ball
3-0: Base on Balls
Batting: LHB Alex Kelly 0-0: Swinging Strike
Danny Giles is caught stealing 2nd base
0-1: Swinging Strike
0-2: Ball
1-2: Ball
2-2: Ball
3-2: Base on Balls
Batting: RHB Benjamin Monroe 0-0: Called Strike
0-1: Grounds into double play, 6-4-3 (Groundball, 6)
Bottom of the 8th over - 0 runs, 0 hits, 0 errors, 0 left on base; Xavier 4 - Butler 1
TOP OF THE 9TH
Xavier Musketeers batting - Pitching for Butler Bulldogs : RHP Clint George
Batting: LHB Johnny Beach 0-0: Swinging Strike
0-1: Ball
1-1: Called Strike
1-2: Ball
2-2: Strikes out looking
Batting: LHB Don Ellis 0-0: Called Strike
0-1: Ball
1-1: Ball
2-1: Fly out, F8 (Flyball, 8LM)
Batting: RHB Albert Smedley 0-0: Foul Ball, location: 2F
0-1: Foul Ball, location: 2F
0-2: Ball
1-2: Ball
2-2: Ball
3-2: Foul Ball, location: 2F
3-2: Base on Balls
Pitching: RHP Alden García
Batting: RHB Greg Richards 0-0: Ball
1-0: SINGLE (Line Drive, 4MD)
Albert Smedley to second
Batting: SHB Larry Brantley 0-0: Ball
1-0: Ball
2-0: SINGLE (Groundball, 34D)
Albert Smedley to third
Greg Richards to second
Runner from 3rd tries for Home, SAFE, no throw
Batting: RHB Dillon Farley 0-0: Ball
1-0: Ball
2-0: Swinging Strike
2-1: Foul Ball, location: 2F
2-2: Strikes out swinging
Top of the 9th over - 1 run, 2 hits, 0 errors, 2 left on base; Xavier 5 - Butler 1
BOTTOM OF THE 9TH
Butler Bulldogs batting - Pitching for Xavier Musketeers : LHP Marvin Walker
Batting: LHB Bill O'Higgins 0-0: Ball
1-0: Called Strike
1-1: Ball
2-1: Fly out, F5 (Popup, 25)
Batting: RHB Jorge Solís 0-0: Ground out 5-3 (Groundball, 56)
Batting: LHB Tim Thomas 0-0: Ball
1-0: Swinging Strike
1-1: Ball
2-1: Swinging Strike
2-2: Foul Ball, location: 2F
2-2: Strikes out swinging
Bottom of the 9th over - 0 runs, 0 hits, 0 errors, 0 left on base; Xavier 5 - Butler 1
Saturday, April 7th, 2018 - OOTP Baseball 18.8 Build 76